 Dungeon Crawl Stone Soup version 0.29.0-15-g675c0067aa (webtiles) character file.

Game seed: 11276478354262232571

294 H0rd4k the Ducker (level 6, -4/46 HPs)
             Began as a Human Artificer on Sept 12, 2022.
             Slain by a gnoll bouda
             ... wielding a +0 club
              (7 damage)
             ... on level 4 of the Dungeon.
             The game lasted 00:05:12 (4648 turns).

H0rd4k the Ducker (Human Artificer)                 Turns: 4648, Time: 00:05:13

Health: -4/46      AC:  5    Str: 13    XL:     6   Next: 60%
Magic:  7/7        EV: 12    Int: 13    God:
Gold:   209        SH:  0    Dex: 13    Spells: 7/7 levels left

rFire   . . .      SeeInvis .   y - +3 dagger "Blob" {speed, rPois}
rCold   . . .      Faith    .   (no shield)
rNeg    . . .      Spirit   .   b - +0 leather armour
rPois   +          Reflect  .   (no helmet)
rElec   .          Harm     .   B - +0 cloak
rCorr   .          Rampage  .   (no gloves)
Will    .....                   A - +0 pair of boots
Stlth   +.........              (no amulet)
HPRegen 0.15/turn               (no ring)
MPRegen 0.10/turn               (no ring)

@: weakened
A: no striking features
a: no special abilities


You were on level 4 of the Dungeon.
You visited 1 branch of the dungeon, and saw 4 of its levels.

You collected 209 gold pieces.

Inventory:

Hand Weapons
 a - a +0 club
 y - the +3 dagger "Blob" (weapon) {speed, rPois}
   (You found it on level 3 of the Dungeon)

   Attacks with this weapon are significantly faster.
   rPois:     It protects you from poison.
Missiles
 l - 12 poisoned darts (quivered)
 u - a boomerang of dispersal
 x - 4 atropa-tipped darts
Armour
 b - a +0 leather armour (worn)
 A - a +0 pair of boots (worn)
 B - a +0 cloak (worn)
Jewellery
 r - a +4 ring of evasion
Wands
 c - a wand of flame (15)
 e - a wand of iceblast (3)
Scrolls
 g - 3 scrolls of noise {unknown}
 h - 3 scrolls of teleportation {unknown}
 i - 5 scrolls of identify {unknown}
 m - a scroll of acquirement {unknown}
 n - a scroll of blinking {unknown}
 p - a scroll of fear {unknown}
 s - a scroll of enchant weapon {unknown}
 t - 3 scrolls of magic mapping {unknown}
 w - 2 scrolls of amnesia {unknown}
 z - a scroll of silence {unknown}
Potions
 f - 3 potions of heal wounds {unknown}
 j - 2 potions of degeneration {unknown}
 k - a potion of curing {unknown}
 o - a potion of lignification {unknown}
 q - a potion of invisibility {unknown}
 v - a potion of mutation {unknown}


   Skills:
 + Level 2.4 Fighting
 * Level 1.7 Short Blades
 + Level 3.1 Maces & Flails
 - Level 2.0 Armour
 + Level 3.7 Dodging
 - Level 1.0 Stealth
 * Level 1.0 Spellcasting
 - Level 3.0 Evocations


You had 7 spell levels left.
You didn't know any spells.
Your spell library contained the following spells:

 Spells                   Type           Power      Damage    Failure   Level
 Sandblast                Erth           0%         2d4       34%         1
 Passwall                 Tmut/Erth      0%         N/A       47%         2
 Stone Arrow              Conj/Erth      0%         3d7       71%         3


Dungeon Overview and Level Annotations

Branches:
Dungeon (4/15)
 Temple: D:4-7

Altars:

Shops:
D:2 *

Annotations:
D:2 1 runed translucent door, exclusion: door, Crazy Yiuf


Message History

The gnoll bouda is lightly wounded.
Your ogre hits the gnoll with a +0 giant spiked club!!!
The gnoll dies!
You closely miss the gnoll bouda.
The gnoll bouda is lightly wounded.
The gnoll bouda hits you but does no damage.
You hit the gnoll bouda.
The gnoll bouda is moderately wounded.
The gnoll bouda hits you with a +0 club.
* * * LOW HITPOINT WARNING * * *
You hit the gnoll bouda.
The gnoll bouda is heavily wounded.
You hit the gnoll bouda.
The gnoll bouda is severely wounded.
The gnoll bouda gazes fiercely through you!
You feel your attacks grow feeble.
The gnoll bouda hits you with a +0 club!
* * * LOW HITPOINT WARNING * * *
You hit the gnoll bouda.
The gnoll bouda is severely wounded.
You hit the gnoll bouda but do no damage.
The gnoll bouda is severely wounded.
Your ogre hits the gnoll bouda with a +0 giant spiked club.
The gnoll bouda prays to its god.
The gnoll bouda is healed somewhat.
You hit the gnoll bouda but do no damage.
The gnoll bouda is heavily wounded.
The gnoll bouda gazes fiercely through you!
You feel as though you will be weak longer.
The gnoll bouda barely misses you.
You hit the gnoll bouda.
The gnoll bouda is severely wounded.
Your ogre closely misses the gnoll bouda.
You barely miss the gnoll bouda.
The gnoll bouda is severely wounded.
The gnoll bouda hits you but does no damage.
You hit the gnoll bouda.
The gnoll bouda is almost dead.
The gnoll bouda hits you with a +0 club!
You die...

.#....####
#.......#... .#....#
#.......#... .#....#
#[######.#.## .#....#
#.# #.#... ....#.#
#.# #(..# ......#
####.### #..##.##.#
.###### #...<..#
#........# .
#.##.#.#####)##.O.###
. ..##.##...@gO)).#


gg... .. ........#.####### .### .. ####.##.#.# # . . #.##.#.# ..# #......# #.#
####.### .. #.# # #.# # #.# You could see a gnoll bouda (ally target) and a
friendly ogre (charmed).

Vanquished Creatures
  Blork the orc (D:4)
  4 gnolls
  2 adders (D:4)
  An ufetubus (D:4)
  A worm (D:2)
  3 orcs
  5 bats
  6 endoplasms
  4 giant cockroaches
  2 hobgoblins
  5 jackals
  8 kobolds
  4 quokkas (D:1)
  3 ball pythons
  4 frilled lizards
  4 goblins
  A rat (D:2)
58 creatures vanquished.

Vanquished Creatures (collateral kills)
  An orc priest (D:3)
  6 gnolls
  An orc (D:3)
  A giant cockroach (D:3)
9 creatures vanquished.

Vanquished Creatures (others)
  An orc wizard (D:3)
  5 gnolls (D:3)
6 creatures vanquished.

Grand Total: 73 creatures vanquished

Notes
Turn   | Place    | Note
-------+----------+-------------------------------------------
     0 | D:1      | H0rd4k the Human Artificer began the quest for the Orb.
     0 | D:1      | Reached XP level 1. HP: 15/15 MP: 1/1
   250 | D:1      | Reached XP level 2. HP: 16/21 MP: 2/2
   590 | D:1      | Reached skill level 1 in Maces & Flails
  1132 | D:2      | Reached XP level 3. HP: 26/26 MP: 3/3
  1262 | D:2      | Found Zanoysefeo's Assorted Antiques.
  1898 | D:2      | Found a runed translucent door.
  1899 | D:2      | Noticed Crazy Yiuf
  2436 | D:3      | Reached XP level 4. HP: 27/32 MP: 4/4
  2518 | D:3      | Reached XP level 5. HP: 12/38 MP: 5/5
  3544 | D:3      | Identified the +3 dagger "Blob" {speed, rPois}
  4280 | D:4      | Noticed Blork the orc
  4286 | D:4      | Killed Blork the orc
  4287 | D:4      | Reached skill level 1 in Short Blades
  4287 | D:4      | Reached XP level 6. HP: 31/44 MP: 5/7
  4287 | D:4      | Noticed a black bear
  4607 | D:4      | Noticed an ogre
  4631 | D:4      | Reached skill level 1 in Spellcasting
  4642 | D:4      | HP: 2/46 [gnoll bouda/+0 club (10)]
  4648 | D:4      | Slain by a gnoll bouda

Illustrated notes

Levels and vault maps discovered:
D:1:      dpeg_arrival_water_temple_mockup, layout_loops_cross, st_stairs_9
D:2:      layout_basic, serial_shops, nicolae_shop_hallway_stairs,
          uniq_crazy_yiuf_cottage
D:3:      layout_loops_corners, grunt_ministairs_9
D:4:      layout_loops_cross, hex_large, minivault_26,
          corexii_item_surrounded_by_moat, uniq_blork_the_orc

Skill      XL: |  1  2  3  4  5  6 |
---------------+-------------------+-----
Maces & Flails | 1 2 3 |  3.1
Dodging        | 2 3 |  3.7
Fighting       | 2 |  2.4
Short Blades   | 1 |  1.7
Spellcasting   | 1 |  1.0
Armour         | |  2.0
Stealth        | |  1.0
Evocations     | |  3.0

Action                   |  1- 3 |  4- 6 || total
-------------------------+-------+-------++-------
Melee: Club              |   161 |    55 ||   216
       Punch             |     2 |     1 ||     3
       Dagger            |       |   108 ||   108
Evoke: Wand              |     5 |    20 ||    25
 Stab: Sleeping          |     3 |       ||     3
Armor: Leather armour    |    65 |    40 ||   105
Dodge: Dodged            |   128 |   115 ||   243
